 Dungeon Crawl Stone Soup version 0.23.0 (webtiles) character file.

Game seed: 12820152383992682351

102 vishdafish the Digger (level 4, 24/41 HPs)
             Began as an Ogre Earth Elementalist on Feb 16, 2019.
             Was a Follower of Vehumet.
             Quit the game on level 2 of the Dungeon on Feb 17, 2019.
             The game lasted 00:11:10 (2617 turns).

vishdafish the Digger (Ogre Earth Elementalist)     Turns: 2617, Time: 00:11:11

Health: 24/41      AC:  3    Str: 12      XL:     4   Next: 77%
Magic:  0/8        EV: 12    Int: 15 (17) God:    Vehumet [*.....]
Gold:   67         SH:  0    Dex:  6 (9)  Spells: 5/9 levels left

rFire    + . .     SeeInvis .   g - +0 dagger
rCold    x . .     Gourm    .   (no shield)
rNeg     . . .     Faith    .   c - +0 robe
rPois    .         Spirit   .   (helmet restricted)
rElec    .         Reflect  .   (no cloak)
rCorr    .         Harm     .   (gloves unavailable)
MR       .....                  (boots unavailable)
Stlth    +.........             (no amulet)
HPRegen  0.13/turn              m - ring of fire
MPRegen  0.11/turn              p - +2 ring of evasion

@: very slightly contaminated
A: large, unfitting armour, tough skin 1
a: Renounce Religion


You were on level 2 of the Dungeon.
You worshipped Vehumet.
Vehumet was aware of your devotion.
You were near starving.

You visited 1 branch of the dungeon, and saw 3 of its levels.

You collected 67 gold pieces.

Inventory:

Hand Weapons
 g - a +0 dagger (weapon)
Armour
 c - a +0 robe (worn)
Jewellery
 m - a ring of fire (left hand)
 p - a +2 ring of evasion (right hand)
Scrolls
 a - 2 scrolls of fear {unknown}
 d - a scroll of enchant armour {unknown}
 e - a scroll of remove curse {unknown}
 f - a scroll of noise {unknown}
 i - a scroll of identify {unknown}
 k - a scroll of immolation {unknown}
 n - a scroll of enchant weapon {unknown}
 q - a scroll of teleportation {unknown}
Potions
 b - a potion of curing


   Skills:
 + Level 1.6 Fighting
 - Level 2.4 Dodging
 - Level 2.1 Stealth
 - Level 3.2 Spellcasting
 + Level 0.7 Conjurations
   Level 0.8 Transmutations
 - Level 3.2 Earth Magic


You had 5 spell levels left.
You knew the following spells:

 Your Spells              Type           Power        Failure   Level  Hunger
a - Sandblast             Erth           ##....       4%          1    #......
b - Stone Arrow           Conj/Erth      #.....       26%         3    ###....

Your spell library contained the following spells:

 Spells                   Type           Power        Failure   Level  Hunger
 Shock                    Conj/Air       #...         17%         1    #......
 Passwall                 Tmut/Erth      #.......     13%         2    ##.....
 Petrify                  Tmut/Erth      #.......     63%         4    #####..
 Lee's Rapid Deconstruct  Erth           ##........   80%         5    ######.


Dungeon Overview and Level Annotations

Branches:
Dungeon (3/15)

Altars:
Ashenzari
Elyvilon
Makhleb
Trog
Vehumet

Annotations:
D:2 Terence


Innate Abilities, Weirdness & Mutations

You are too large for most types of armour.
You have tough skin. (AC +1)


Message History

Confirm with . or Enter, or press ? or * to list all spells.
Aiming: Stone Arrow (safe; 26% risk of failure)
Press: ? - help, Shift-Dir - straight line, f/p - Terence
Aim: Terence, wielding a +0 flail and wearing a +2 scale mail of cold resistance (moderately wounded)
The stone arrow misses Terence.
Terence closely misses you. Terence barely misses you.
Your magical contamination has completely faded away.
Terence hits you but does no damage.
Casting: Stone Arrow (safe; 26% risk of failure)
Confirm with . or Enter, or press ? or * to list all spells.
Aiming: Stone Arrow (safe; 26% risk of failure)
Press: ? - help, Shift-Dir - straight line, f/p - Terence
Aim: Terence, wielding a +0 flail and wearing a +2 scale mail of cold resistance (lightly wounded)
You miscast Stone Arrow.
You are very lightly contaminated with residual magic.
You are showered with tiny particles of grit.
You aren't carrying any items that you can evoke.
You aren't carrying any food.
Terence says, "Time to say good-bye..."
Are you sure you want to abandon this character and quit the game? (Confirm with "yes".)

########### #.........#
.....^8^..# #.[.......#
....#####.# #.........#
......###.# #.........#
.......##.# #.........#
######....## ##.........#
#.##..#### #........###
#.#......###........######
######.........>@........##...#
.....#..........@........##...#
.........................##...#
.........................##...#
.........................#....#
............(............#....###
.................#######.........
.................# ### #......###
.................#######.....§°☼.


You could see Terence.

Vanquished Creatures
  4 adders
  A dart slug (D:2)
  A leopard gecko (D:3)
  3 orcs
  8 bats
  2 giant cockroaches (D:2)
  4 goblins
  6 hobgoblins
  10 jackals
  2 quokkas
  2 ball pythons (D:3)
  2 frilled lizards
  3 kobolds
  8 rats
56 creatures vanquished.

Notes
Turn   | Place    | Note
-------+----------+-------------------------------------------
     0 | D:1      | vishdafish the Ogre Earth Elementalist began the quest for
                  | the Orb.
     0 | D:1      | Reached XP level 1. HP: 16/16 MP: 3/3
   223 | D:1      | Reached XP level 2. HP: 13/24 MP: 3/5
  1063 | D:2      | Reached XP level 3. HP: 20/31 MP: 2/7
  1199 | D:2      | Found a radiant altar of Vehumet.
  1238 | D:2      | Became a worshipper of Vehumet
  1256 | D:2      | Found a shattered altar of Ashenzari.
  1309 | D:2      | Found a burning altar of Makhleb.
  1311 | D:2      | Found a bloodstained altar of Trog.
  1316 | D:2      | Reached XP level 4. HP: 21/39 MP: 3/8
  1323 | D:2      | Found a white marble altar of Elyvilon.
  1450 | D:2      | Noticed Terence
  1749 | D:3      | Learned a level 3 spell: Stone Arrow
  2017 | D:3      | Reached skill level 1 in Fighting
  2179 | D:3      | Noticed a phantom
  2190 | D:3      | Reached * piety under Vehumet
  2190 | D:3      | Offered knowledge of Shock by Vehumet.
  2617 | D:2      | Quit the game

Skill      XL: |  1  2  3  4 |
---------------+-------------+-----
Dodging        | 2 |  2.4
Earth Magic    | 3 |  3.2
Spellcasting   | 3 |  3.2
Stealth        | 2 |  2.1
Fighting       | 1 |  1.6
Conjurations   | |  0.7
Transmutations | |  0.8

Action                   |  1- 3 |  4- 6 || total
-------------------------+-------+-------++-------
Melee: Unarmed           |     8 |       ||     8
       Dagger            |    78 |   149 ||   227
 Cast: Sandblast         |    41 |     6 ||    47
       Stone Arrow       |       |    10 ||    10
  Use: Potion            |       |     5 ||     5
 Stab: Sleeping          |       |     1 ||     1
  Eat: Chunk             |     1 |     1 ||     2
       Ration            |       |     1 ||     1
Armor: Robe              |    53 |    51 ||   104
Dodge: Dodged            |    84 |   158 ||   242
